AoeStats
← jhonskull87

Arena

505282080Analyzed
3v3 RM · 25d ago on Sep 8, 2026· 74m 36s· 6 players
Game mode
Random Map
Map size
Normal (6 player)
Population
200
Speed
Normal
Resources
Standard
Victory
Conquest
Starting age
Dark Age
Ending age
Imperial Age
RankedLock teamsTeams togetherTeam positionsShared explorationLock speedFull tech treeHidden civsTurbo modeCheats
Victory
Defeat
🇬🇧 Teutons · United Kingdom
677
+14
🇨🇱 Khmer · Chile
651
+15
🇲🇽 Persians · Mexico
618
+16
🇧🇪 Mongols · Belgium
781
-20
🇧🇪 Britons · Belgium
570
-13
🇧🇪 Sicilians · Belgium
539
-12
jhonskull87
11:56 Feudal Age
10:11 Loom
12:24 Horse Collar
12:35 Double-Bit Axe
13:23 Stone Mining
23:57 Castle Age
25:07 Gold Mining
29:30 Forging
29:21 Scale Mail Armor
29:27 Scale Barding Armor
31:02 Husbandry
31:12 Bloodlines
40:18 Wheelbarrow
39:32 Town Watch
39:49 Padded Archer Armor
42:45 Murder Holes
47:19 Hand Cart
47:05 Town Patrol
47:05 Elite Skirmisher
47:51 Thumb Ring
48:56 Pikeman
49:22 Gambesons
51:43 Heated Shot
52:13 Ballistics
52:05 Masonry
52:34 Leather Archer Armor
52:09 Fletching
53:07 Heavy Plow
53:52 Bow Saw
60:25 Imperial Age
60:16 Stone Shaft Mining
61:39 Gold Shaft Mining
61:37 Crop Rotation
61:40 Citadels
62:38 Chemistry
66:55 Kamandaran
68:34 Elite War Elephant
71:46 Ring Archer Armor
71:11 Bodkin Arrow
71:52 Iron Casting
71:19 Halberdier
72:00 Squires
71:25 Cavalier
74:20 Hoardings
Cami Fer
4:27 Loom
5:03 Loom
11:39 Feudal Age
12:17 Double-Bit Axe
14:02 Wheelbarrow
13:38 Horse Collar
17:48 Castle Age
17:22 Gold Mining
18:52 Bow Saw
19:19 Stone Mining
22:39 Gold Shaft Mining
26:40 Heavy Plow
27:41 Ballistics
27:52 Murder Holes
29:53 Elite Skirmisher
34:43 Stone Shaft Mining
34:29 Hand Cart
35:48 Town Watch
41:05 Imperial Age
40:35 Husbandry
41:04 Masonry
41:05 Fortified Wall
42:17 Double Crossbow
42:02 Capped Ram
45:44 Chemistry
45:16 Architecture
45:16 Conscription
45:57 Heavy Scorpion
47:30 Siege Ram
49:33 Crop Rotation
50:19 Town Patrol
53:16 Forging
53:06 Scale Mail Armor
53:12 Scale Barding Armor
53:08 Padded Archer Armor
52:58 Fletching
58:14 Chain Barding Armor
58:10 Chain Mail Armor
58:04 Siege Engineers
58:14 Cavalier
63:49 Light Cavalry
64:39 Bloodlines
65:00 Caravan
65:35 Elite Ballista Elephant
68:15 Plate Barding Armor
68:16 Iron Casting
67:37 Bodkin Arrow
67:58 Leather Archer Armor
69:58 Hussar
1VPV1
9:36 Loom
11:51 Feudal Age
12:26 Double-Bit Axe
15:24 Horse Collar
15:37 Fletching
17:22 Gold Mining
18:30 Stone Mining
22:50 Castle Age
21:04 Scale Mail Armor
25:29 Bow Saw
26:15 Wheelbarrow
27:34 Fortified Wall
27:23 Bodkin Arrow
27:48 Bloodlines
27:57 Heavy Plow
31:45 Imperial Age
30:51 Hand Cart
30:56 Chain Mail Armor
31:04 Ballistics
31:33 Town Watch
32:05 Forging
33:00 Cavalier
35:18 Two-Man Saw
35:06 Conscription
36:12 Crop Rotation
37:08 Chemistry
37:50 Town Patrol
38:41 Iron Casting
38:27 Caravan
40:10 Scale Barding Armor
41:05 Blast Furnace
40:36 Plate Mail Armor
39:55 Arrowslits
40:38 Elite Teutonic Knight
41:44 Crenellations
41:58 Chain Barding Armor
42:08 Guard Tower
42:12 Elite Skirmisher
44:08 Paladin
45:46 Hoardings
46:45 Plate Barding Armor
46:11 Padded Archer Armor
50:22 Guilds
54:53 Fervor
55:07 Sanctity
55:09 Block Printing
55:32 Theocracy
63:20 Leather Archer Armor
KonoTamarauDa
6:47 Loom
9:24 Feudal Age
10:01 Double-Bit Axe
17:18 Castle Age
17:02 Wheelbarrow
18:23 Arson
18:39 Squires
19:17 Bow Saw
20:02 Hand Cart
20:56 Town Watch
22:29 Ballistics
22:55 Horse Collar
23:41 Town Patrol
25:14 Gold Mining
25:26 Heavy Plow
25:58 Padded Archer Armor
25:48 Fletching
27:04 Thumb Ring
31:36 Imperial Age
31:12 Murder Holes
32:50 Elite Mangudai
33:50 Conscription
35:08 Parthian Tactics
35:38 Leather Archer Armor
35:19 Bodkin Arrow
37:53 Chemistry
39:37 Hoardings
42:53 Gold Shaft Mining
42:10 Stone Mining
43:17 Bodkin Arrow
48:47 Bracer
51:36 Capped Ram
53:09 Drill
52:50 Nomads
53:01 Siege Ram
54:40 Stone Shaft Mining
60:28 Heavy Camel Rider
68:50 Heavy Cavalry Archer
MR_CR33PS
9:55 Feudal Age
13:40 Horse Collar
13:55 Double-Bit Axe
20:17 Castle Age
20:11 Forging
20:15 Stone Mining
21:44 Stone Shaft Mining
27:28 Pikeman
31:59 Squires
36:01 Imperial Age
69:46 Onager
Wolknysv2
13:37 Feudal Age
13:45 Feudal Age
14:51 Double-Bit Axe
15:51 Gold Mining
17:23 Horse Collar
27:25 Castle Age
26:40 Padded Archer Armor
26:34 Fletching
28:19 Stone Mining
27:56 Elite Skirmisher
29:56 Gold Shaft Mining
29:34 Bow Saw
29:07 Pikeman
30:25 Leather Archer Armor
30:05 Bodkin Arrow
33:15 Fortified Wall
36:25 Imperial Age
35:10 Squires
35:30 Forging
35:24 Scale Mail Armor
38:03 Halberdier
39:39 Conscription
40:38 Two-Man Saw
40:55 Elite Longbowman
44:58 Chemistry
43:56 Murder Holes
44:51 Iron Casting
44:33 Chain Mail Armor
47:43 Yeomen
48:14 Hoardings
51:40 Blast Furnace
51:12 Ring Archer Armor
51:12 Plate Mail Armor
50:43 Bracer
52:07 Ballistics
Connection lost

Rejoining the realm…

Still unreachable

The connection could not be restored.

Session expired

The server has moved on; the page needs a fresh start.